 Dungeon Crawl Stone Soup version 0.21.0 (webtiles) character file.

7742 Gorglomux the Protected (level 11, -2/100 HPs)
             Began as a Deep Dwarf Fighter on Jan 5, 2018.
             Was a Priest of Makhleb.
             Slain by Snorg (9 damage)
             ... on level 10 of the Dungeon.
             The game lasted 00:05:21 (6317 turns).

Gorglomux the Protected (Deep Dwarf Fighter)        Turns: 6317, Time: 00:05:21

Health: -2/100     AC: 15    Str: 28    XL:     11   Next: 0%
Magic:  8/8        EV: 12    Int:  3    God:    Makhleb [***...]
Gold:   485        SH: 12    Dex: 12    Spells: 10/10 levels left

rFire    . . .     SeeInvis .   I - +7 war axe of Kismet {chop, MR+ Str+4 Int-5}
rCold    . . .     Gourm    .   c - +0 shield
rNeg     . . .     Faith    +   W - +0 chain mail
rPois    +         Spirit   .   n - +0 helmet
rElec    .         Reflect  .   w - +0 cloak
rCorr    +         Harm     .   x - +0 pair of gloves
MR       ++...                  (no boots)
Stlth    ..........             v - amulet of faith
HPRegen  0.00/turn              o - ring of poison resistance
MPRegen  0.11/turn              g - ring of resist corrosion

@: very slightly contaminated, non-regenerating
A: damage resistance, heal wounds, sense surroundings 2, no regeneration
a: Heal Wounds, Minor Destruction, Lesser Servant of Makhleb, Renounce Religion


You were on level 10 of the Dungeon.
You worshipped Makhleb.
Makhleb was most pleased with you.
You were not hungry.

You visited 2 branches of the dungeon, and saw 11 of its levels.

You collected 485 gold pieces.

Inventory:

Hand Weapons
 I - the +7 war axe of Kismet (weapon) {chop, MR+ Str+4 Int-5}
   (You found it on level 4 of the Dungeon)

   It inflicts extra damage upon your enemies.
   It affects your strength (+4).
   It affects your intelligence (-5).
   It affects your resistance to hostile enchantments.
Armour
 c - a +0 shield (worn)
 n - a +0 helmet (worn)
 w - a +0 cloak (worn)
 x - a +0 pair of gloves (worn)
 W - a +0 chain mail (worn)
Jewellery
 g - a ring of resist corrosion (right hand)
 o - a ring of poison resistance (left hand)
 s - an uncursed ring of see invisible
 v - an amulet of faith (around neck)
Wands
 E - a wand of enslavement (33)
 O - a wand of clouds (4)
 P - a wand of paralysis (34)
Scrolls
 m - 2 scrolls of fog
 r - 3 scrolls of fear {unknown}
 B - 2 scrolls of blinking
 F - 4 scrolls of remove curse
 G - a scroll of enchant weapon {unknown}
 H - a scroll of vulnerability {unknown}
 L - 3 scrolls of enchant armour {unknown}
 M - 2 scrolls of magic mapping
 N - 2 scrolls of brand weapon {unknown}
 R - a scroll of noise {unknown}
 U - a scroll of random uselessness {unknown}
 Y - 2 scrolls of immolation {unknown}
Potions
 d - 3 potions of might
 j - 4 potions of heal wounds
 k - 4 potions of flight
 l - a potion of agility
 q - a potion of haste
 u - a potion of cancellation
 J - a potion of invisibility {unknown}
 K - 2 potions of mutation
 Q - 4 potions of curing
 S - 2 potions of degeneration {unknown}
 X - 3 potions of magic {unknown}
Books
 V - a book of Power

   Spells                             Type                      Level
   a - Iskenderun's Battlesphere      Conjuration/Charms           5
   b - Venom Bolt                     Conjuration/Poison           5
   c - Bolt of Magma                  Conjuration/Fire/Earth       5
   d - Iron Shot                      Conjuration/Earth            6
   e - Orb of Destruction             Conjuration                  7
   f - Spellforged Servitor           Conjuration/Summoning        7
 Z - a book of Necromancy

   Spells                             Type                      Level
   a - Pain                           Necromancy                   1
   b - Animate Skeleton               Necromancy                   1
   c - Vampiric Draining              Necromancy                   3
   d - Regeneration                   Charms/Necromancy            3
   e - Animate Dead                   Necromancy                   4
   f - Borgnjor's Vile Clutch         Necromancy/Earth             5
Comestibles
 f - 13 rations


   Skills:
 + Level 7.5 Fighting
 + Level 8.6 Axes
 + Level 9.1 Armour
 + Level 8.3 Dodging
 + Level 9.0 Shields


You had 10 spell levels left.
You didn't know any spells.

Dungeon Overview and Level Annotations

Branches:
Dungeon (10/15)            Temple (1/1) D:7             Orc (0/2) D:9
   Lair: D:8-11

Altars:
Ashenzari
Cheibriados
Dithmenos
Elyvilon
Fedhas
Gozag
Hepliaklqana
Kikubaaqudgha
Makhleb
Nemelex Xobeh
Okawaru
Qazlal
Ru
Sif Muna
Trog
Uskayaw
Vehumet
Wu Jian
Xom
Yredelemnul
Zin
The Shining One

Portals:
Ossuary: D:6

Annotations:
D:10 Snorg


Innate Abilities, Weirdness & Mutations

You are resistant to damage.
You can heal yourself by infusing magical energy.
You passively map the area around you.
You do not regenerate.


Message History

Snorg bites you!!! * * * don't die
* * * Snorg butt-ly misses you!
Snorg claws you!
Unknown butt!
You feel much better! You block Snorg'butts attack! Snorg barely misses you!
You block Snorg's attack! The hungry ghost hits you!
You feel a lot more hungry! Snorg barely misses you! Snorg claws you!
Snorg claws you!!! * * * don't die
* * * You feel much better!
Snorg bites you!!!!!! * * * don't die
* * * Snorg claws you!!! * * * don't die
* * * Snorg claws you!!! * * * don't die
* * * The hungry ghost misses you!
You feel much better! Snorg bites you!!!!!! * * * don't die
* * * Snorg claws you!!! rip

, * *,* ,* * , , ,
,..., * #..## , * * *
, * #...., ,, ,, ,,
*#...# #, * , *#...#
.# # , ,
..###.##...##.#.### *
, ,
,.....##........... ,
, ,, , ,
........W@.......,,
*#. #.#.###.T##.#.###
,*#.. #.#.#.#..#* #
*#...#...#....##.#..
,,
...................
,,,, ,
................#.#
**
.......?...........,,
,.......##..).#.....
,, ...≈...
#....#....#


You could see Snorg (berserk) and a hungry ghost.

Vanquished Creatures
  A death knight (D:9)
  Pikel (D:5)
  A cyclops (D:9)
  Maurice (D:8)
  2 trolls (D:9)
  A hippogriff (D:9)
  Grinder (D:6)
  A wraith (D:9)
  A yak (D:9)
  A wyvern (D:9)
  A water moccasin (D:6)
  3 orc warriors
  3 ice beasts
  2 phantoms
  A slave (D:5)
  2 sky beasts (D:9)
  2 necrophages
  4 ogres
  2 big kobolds (D:8)
  3 centaurs
  Blork the orc (D:5)
  4 bullfrogs
  3 scorpions
  8 killer bees
  2 crimson imps
  A bullfrog zombie (D:7)
  4 centaur zombies
  4 hounds
  5 jellies
  8 orc priests
  2 bullfrog skeletons
  A centaur skeleton (D:8)
  14 orc wizards
  3 iguanas
  11 worker ants
  A hound zombie (D:9)
  2 hound skeletons
  A mummy (D:6)
  A worker ant zombie (D:8)
  17 adders
  7 gnolls
  2 shadow imps
  An ooze (D:2)
  An adder skeleton (D:4)
  A dart slug (D:1)
  2 worms
  5 leopard geckos
  40 orcs
  A ball python (D:2)
  3 giant cockroaches (D:2)
  7 goblins
  8 hobgoblins
  12 jackals
  20 kobolds
  A quokka (D:3)
  7 bats
  5 frilled lizards
  A quokka zombie (D:6)
  5 rats
256 creatures vanquished.

Notes
Turn   | Place    | Note
-------+----------+-------------------------------------------
     0 | D:1      | Gorglomux the Deep Dwarf Fighter began the quest for the Orb.
     0 | D:1      | Reached XP level 1. HP: 20/20 MP: 1/1
   171 | D:1      | Found a shattered altar of Ashenzari.
   259 | D:1      | Reached XP level 2. HP: 25/27 MP: 2/2
   839 | D:2      | Reached skill level 1 in Dodging
   853 | D:2      | Reached XP level 3. HP: 24/33 MP: 3/3
   874 | D:2      | Reached skill level 3 in Fighting
  1033 | D:2      | Reached XP level 4. HP: 39/42 MP: 4/4
  1164 | D:2      | Reached skill level 3 in Axes
  1289 | D:2      | Reached XP level 5. HP: 27/49 MP: 5/5
  2120 | D:3      | Noticed a centaur
  2132 | D:3      | Killed a centaur
  2132 | D:3      | Reached XP level 6. HP: 48/56 MP: 5/5
  2358 | D:4      | Reached skill level 3 in Dodging
  2493 | D:4      | Reached XP level 7. HP: 38/64 MP: 6/6
  2581 | D:4      | Got a shimmering war axe
  2582 | D:4      | Identified the +7 war axe of Kismet {chop, MR+ Str+4 Int-5} (You found it on level 4 of the Dungeon)
  2734 | D:5      | Entered Level 5 of the Dungeon
  2812 | D:5      | Noticed Pikel
  2813 | D:5      | Noticed Blork the orc
  2822 | D:5      | Killed Pikel
  2822 | D:5      | Reached skill level 6 in Armour
  2822 | D:5      | Reached XP level 8. HP: 32/73 MP: 7/7
  2823 | D:5      | Killed Blork the orc
  2823 | D:5      | Reached skill level 6 in Shields
  2989 | D:5      | Found a shattered altar of Ashenzari.
  2991 | D:5      | Found a shimmering altar of Xom.
  2991 | D:5      | Found a blossoming altar of Fedhas.
  2993 | D:5      | Found a stormy altar of Qazlal.
  2993 | D:5      | Found a deep blue altar of Sif Muna.
  2993 | D:5      | Found a sacrificial altar of Ru.
  3154 | D:6      | Noticed Grinder
  3166 | D:6      | Killed Grinder
  3389 | D:6      | Reached skill level 6 in Axes
  3698 | D:6      | Found a sand-covered staircase.
  3775 | D:7      | Gained mutation: You passively map the area around you. [Deep Dwarf growth]
  3775 | D:7      | Reached XP level 9. HP: 45/81 MP: 8/8
  3850 | D:7      | Found a staircase to the Ecumenical Temple.
  3875 | Temple   | Entered the Ecumenical Temple
  4050 | D:7      | Reached skill level 6 in Dodging
  4135 | D:7      | Found a white marble altar of Elyvilon.
  4138 | D:7      | Found a bloodstained altar of Trog.
  4141 | D:7      | Found an opulent altar of Gozag.
  4143 | D:7      | Found an iron altar of Okawaru.
  4143 | D:7      | Found a burning altar of Makhleb.
  4148 | D:7      | Found a glowing silver altar of Zin.
  4149 | D:7      | Found a shadowy altar of Dithmenos.
  4150 | D:7      | Found a snail-covered altar of Cheibriados.
  4219 | D:7      | Became a worshipper of Makhleb the Destroyer
  4287 | D:7      | Reached skill level 6 in Fighting
  4640 | D:8      | Noticed Maurice
  4650 | D:8      | Killed Maurice
  4665 | D:8      | Reached * piety under Makhleb
  4832 | D:8      | You fall through a shaft!
  4839 | D:9      | Reached XP level 10. HP: 80/92 MP: 8/8
  4869 | D:9      | Noticed a cyclops
  4870 | D:9      | Noticed a death knight
  4889 | D:9      | Killed a cyclops
  4891 | D:9      | Killed a death knight
  4918 | D:9      | Reached ** piety under Makhleb
  5156 | D:9      | Found a staircase to the Orcish Mines.
  5265 | D:9      | Reached skill level 9 in Armour
  5340 | D:9      | Reached skill level 9 in Shields
  5433 | D:9      | Reached *** piety under Makhleb
  5787 | D:8      | Reached XP level 11. HP: 100/100 MP: 9/9
  6288 | D:10     | Entered Level 10 of the Dungeon
  6294 | D:10     | Noticed Snorg
  6316 | D:10     | HP: 3/100 [Snorg (16)]
  6317 | D:10     | Slain by Snorg

Skill      XL: |  1  2  3  4  5  6  7  8  9 10 |
---------------+-------------------------------+-----
Dodging        | 1 2 3 4 5 6 8 |  8.3
Fighting       | 3 4 5 6 7 |  7.5
Axes           | 3 4 5 6 7 8 |  8.6
Armour         | 4 5 6 7 9 |  9.1
Shields        | 4 5 6 7 9 |  9.0

Action                   |  1- 3 |  4- 6 |  7- 9 | 10-12 || total
-------------------------+-------+-------+-------+-------++-------
Melee: War axe           |   119 |   222 |   230 |   164 ||   735
 Abil: Heal Wounds       |     1 |     2 |     6 |     6 ||    15
Evoke: Wand              |       |       |       |     1 ||     1
  Use: Scroll            |       |     6 |     5 |     4 ||    15
       Potion            |       |     1 |       |       ||     1
  Eat: Chunk             |       |     6 |     8 |     4 ||    18
       Ration            |       |       |       |     1 ||     1
Armor: Scale mail        |    74 |   121 |    77 |    29 ||   301
       Chain mail        |       |       |       |    20 ||    20
Dodge: Dodged            |    41 |    80 |    88 |    76 ||   285
Block: Shield            |    78 |   140 |   164 |   123 ||   505
